 Dungeon Crawl Stone Soup version 0.29.1-15-g9cfb28693d (webtiles) character file.

Game seed: 15681000537529919128

2 Jinxc the Gusty (level 1, 0/10 HPs)
             Began as a Tengu Air Elementalist on May 26, 2023.
             Slain by a hobgoblin (3 damage)
             ... on level 1 of the Dungeon.
             The game lasted 00:17:50 (509 turns).

Jinxc the Gusty (Tengu Air Elementalist)             Turns: 509, Time: 00:17:51

Health: 0/10       AC:  2    Str:  8    XL:     1   Next: 30%
Magic:  4/4        EV: 12    Int: 15    God:
Gold:   8          SH:  0    Dex: 14    Spells: 3/4 levels left

rFire   . . .      SeeInvis .   d - +0 hand axe
rCold   . . .      Faith    .   (no shield)
rNeg    . . .      Spirit   .   a - +0 robe
rPois   .          Reflect  .   (helmet restricted)
rElec   .          Harm     .   (no cloak)
rCorr   .          Rampage  .   (no gloves)
Will    .....                   (boots unavailable)
Stlth   ++........              (no amulet)
HPRegen 0.03/turn               (no ring)
MPRegen 0.09/turn               (no ring)

@: no status effects
A: beak, talons 3
a: no special abilities


You were on level 1 of the Dungeon.
You visited 1 branch of the dungeon, and saw 1 of its levels.

You collected 8 gold pieces.

Inventory:

Hand Weapons
 c - a +0 club {Jinxc Apos}
 d - a +0 hand axe (weapon)
Armour
 a - a +0 robe (worn)
Potions
 b - a potion of magic


   Skills:
 + Level 2.3 Dodging
 + Level 2.0 Stealth
 + Level 2.0 Spellcasting
 + Level 1.3 Conjurations
 + Level 4.0 Air Magic


You had 3 spell levels left.
You knew the following spells:

 Your Spells              Type           Power      Damage    Failure   Level
a - Shock                 Conj/Air       36%        1d5       8%          1

Your spell library contained the following spells:

 Spells                   Type           Power      Damage    Failure   Level
 Static Discharge         Conj/Air       9%         3-5/arc   11%         2
 Swiftness                Air            13%        N/A       13%         3
 Airstrike                Air            6%         2d(1-17)  38%         4


Dungeon Overview and Level Annotations

Branches:
Dungeon (1/15)

Altars:


Innate Abilities, Weirdness & Mutations

You have a beak for a mouth.
You have claws for feet.


Message History

You are now empty-handed.
d - a +0 hand axe (weapon)
There are no items here.
Cleave: d) +0 hand axe
Press: ? - help, Dir - move target
Okay, then.
The rat barely misses you.
You barely miss the rat.
The rat twitches its whiskers.
The rat closely misses you. The rat bites you.
You hit the rat.
You kill the rat!
The hobgoblin shouts!
You see here a rat corpse.
Unknown command.
There's nothing to close nearby.
There's nothing to close nearby.
You see here a rat corpse.
Unknown command.
An endoplasm comes into view.
You barely miss the hobgoblin. The hobgoblin misses you.
The endoplasm quivers.
You hit the hobgoblin but do no damage. Your peck misses the hobgoblin.
The hobgoblin hits you. The hobgoblin barely misses you.
You closely miss the hobgoblin. Your kick misses the hobgoblin.
Your peck misses the hobgoblin. Your punch misses the hobgoblin.
The endoplasm jiggles.
The hobgoblin closely misses you.
You hit the hobgoblin.
You claw the hobgoblin, but do no damage.
The hobgoblin is almost dead.
The hobgoblin hits you.
* * * LOW HITPOINT WARNING * * *
You completely miss the hobgoblin. Your kick misses the hobgoblin.
The hobgoblin is almost dead.
The hobgoblin completely misses you.
You barely miss the hobgoblin.
The hobgoblin is almost dead.
You barely miss the endoplasm. The hobgoblin hits you.
You die...

.#............$.#
................#
#...............#
######.#........#
.....#.#.....†..#
...#.#.#........#
............>...#
...............†########
......##.#####..@.......
......##..# #..gJ......
#......##..# #..........
##.....###..##..........
##......# ..............
..##....##..#...........
#####....# ...(.........
##...###.#..........
##...#


You could see an endoplasm and a hobgoblin.

Vanquished Creatures
  A goblin (D:1)
  A rat (D:1)
2 creatures vanquished.

Notes
Turn   | Place    | Note
-------+----------+-------------------------------------------
     0 | D:1      | Jinxc the Tengu Air Elementalist began the quest for the
                  | Orb.
     0 | D:1      | Reached XP level 1. HP: 10/10 MP: 4/4
   509 | D:1      | Slain by a hobgoblin

Illustrated notes

Levels and vault maps discovered:
D:1:      minmay_arrival_pointy, layout_basic

Action                   || total
-------------------------++-------
Melee: Hand axe          ||     8
       Unarmed           ||     3
       Kick              ||     1
       Peck              ||     1
Dodge: Dodged            ||     9
